Map: Dusk Towers

Players

Gastro

  • Race: Terran Terran
  • League: Gold

capac - Winner!

  • Race: Terran Terran
  • League: Gold

VOD

Have the link to the VOD?

Description

Time

  • Played on: April 12, 2016, 2:56 p.m.
  • Length: 7:54
Show
View Real Time Build Order
Export as new Build Order

Gastro Terran 

Build Orders:  

Get SALT Encoding   

  12  0:09  SCV  
  13  0:16  Supply Depot  
  14  0:21  SCV  
  14  0:26  Refinery  
  14  0:33  SCV  
  15  0:42  Barracks  
  15  0:49  SCV  
  16  1:02  Barracks  
  16  1:05  SCV  
  17  1:17  SCV  
  18  1:24  Refinery  
  18  1:30  Factory  
  18  1:34  Marine  
  18  1:39  SCV  
  20  1:50  Barracks Tech Lab  
  20  1:56  Orbital Command  
  20  2:00  Barracks Reactor  
  20  2:13  Factory Tech Lab  
  20  2:14  Marine  
  21  2:21  Supply Depot  
  21  2:25  Stimpack  
  21  2:26  SCV  
  22  2:33  Marine  
  23  2:43  SCV  
  24  2:44  Supply Depot  
  24  2:52  Marine x2  
  29  2:58  Siege Tank  
  29  3:00  SCV  
  30  3:09  Engineering Bay, Marine  
  30  3:10  Marine  
  33  3:12  SCV  
  33  3:18  Marine  
  34  3:24  SCV  
  35  3:27  Marine  
  39  3:49  Terran Infantry Weapons Level 1  
  39  3:58  Supply Depot  
  38  4:05  Siege Tank  
  39  4:19  Marine x3  
  39  4:22  Starport  
  40  4:45  Siege Tank  
  43  4:46  Marine x3  
  46  4:56  Command Center  
  46  5:03  Marine  
  46  5:06  Supply Depot  
  47  5:16  Supply Depot  
  47  5:28  Marine x3, Medivac  
  52  5:43  SCV  
  52  5:46  Marine x2  
  52  5:47  Siege Tank  
  52  5:48  Marine  
  59  5:54  Supply Depot  
  59  5:55  SCV  
  60  5:59  Terran Infantry Armor Level 1  
  60  6:03  Marine  
  51  6:46  SCV  
  46  6:49  Marine x2  
  46  6:50  Marine  
  46  6:51  Siege Tank  
  39  7:07  Marine x2  
  34  7:31  Marine x3  
Show
View Real Time Build Order
Export as new Build Order

capac Terran - Winner!

Build Orders: Reaper Expand 

Get SALT Encoding   

  12  0:00  SCV  
  13  0:13  SCV  
  14  0:18  Supply Depot  
  14  0:25  SCV  
  15  0:39  SCV  
  15  0:40  Barracks  
  16  0:45  Refinery  
  16  0:51  SCV  
  17  1:03  SCV  
  18  1:15  SCV  
  19  1:31  Orbital Command  
  19  1:32  Reaper  
  20  1:43  Command Center  
  20  1:50  Supply Depot  
  20  1:57  Refinery  
  20  1:59  SCV  
  21  2:04  Marine  
  22  2:13  Factory  
  22  2:19  SCV  
  23  2:31  Barracks Reactor  
  23  2:40  Engineering Bay, Barracks  
  23  2:48  SCV  
  24  2:58  Factory Tech Lab  
  24  3:04  Bunker  
  24  3:07  Marine x2  
  26  3:15  SCV  
  26  3:17  Orbital Command  
  27  3:25  Marine x2  
  29  3:28  Barracks Tech Lab  
  29  3:36  Siege Tank  
  32  3:42  Bunker  
  32  3:49  Marine x2  
  32  3:52  Marine  
  35  4:00  SCV  
  36  4:12  Starport  
  36  4:14  Siege Tank  
  39  4:18  SCV  
  39  4:37  Marine x2  
  38  4:52  Medivac  
  40  4:55  Siege Tank  
  40  4:56  Marine x2  
  45  5:03  SCV  
  45  5:05  Starport  
  45  5:06  Refinery  
  46  5:12  Supply Depot  
  46  5:19  Marine x3, SCV  
  50  5:32  Viking  
  52  5:49  Marine x2  
  54  5:52  Starport Reactor  
  54  5:56  Supply Depot  
  54  5:59  SCV x2  
  54  6:02  Refinery  
  56  6:24  Siege Tank  
  57  6:47  Marine x3  
  57  6:48  Viking  
  57  6:49  Medivac  
  63  7:15  Supply Depot  
  63  7:16  Supply Depot  
  62  7:41  SCV x2  
Tags
 
Add a new tag
Caveats
  • Supply blocks, unpowered buildings, or Contaminate may cause inaccurate times.
  • Supply counts are checked every 10 seconds.